 Dungeon Crawl Stone Soup version 0.25-a0-681-gdf4e720381 (webtiles) character file.

Game seed: 4059849604207217539, levelgen mode: deterministic

32106 Vector13 the Scorcher (level 13, -1/86 HPs)
             Began as a Red Draconian Conjurer on Mar 30, 2020.
             Was a High Priest of Sif Muna.
             Slain by Jorgrun
             ... wielding an uncursed staff of earth
              (14 damage)
             ... on level 13 of the Dungeon.
             The game lasted 03:37:30 (20516 turns).

Vector13 the Scorcher (Red Draconian Conjurer)     Turns: 20516, Time: 03:37:32

Health: -1/86      AC: 16    Str: 14    XL:     13   Next: 29%
Magic:  0/36       EV: 11    Int: 28    God:    Sif Muna [*****.]
Gold:   1159       SH:  0    Dex: 12    Spells: 8/32 levels left

rFire    + . .     SeeInvis .   w - +7 great sword (venom)
rCold    + . .     Gourm    .   (shield currently unavailable)
rNeg     . . .     Faith    .   (armour unavailable)
rPois    .         Spirit   +   M - +1 hat
rElec    .         Reflect  .   h - +2 cloak
rCorr    .         Harm     .   y - +0 pair of gloves
MR       .....                  F - +2 pair of boots
Stlth    ++........             j - amulet of the Skies Above {Spirit rC+ Str+4 Int+3}
HPRegen  0.24/turn              d - ring of magical power
MPRegen  0.25/turn              n - +4 ring of intelligence

@: brilliant, short of breath, grasped by roots, constricted
A: breathe fire, unfitting armour, fire resistance 1, cold-blooded, AC +8
a: Breathe Fire, Channel Magic, Forget Spell, Divine Exegesis, Renounce Religion


You were on level 13 of the Dungeon.
You worshipped Sif Muna.
Sif Muna was extremely pleased with you.
You were hungry.

You visited 4 branches of the dungeon, and saw 18 of its levels.

You collected 1404 gold pieces.
You spent 245 gold pieces at shops.

Inventory:

Hand Weapons
 g - a +4 quarterstaff of chaos
 w - a +7 great sword of venom (weapon)
Armour
 h - a +2 cloak (worn)
 y - a +0 pair of gloves (worn)
 F - a +2 pair of boots (worn)
 M - a +1 hat (worn)
Magical Staves
 e - an uncursed staff of death
Jewellery
 d - a ring of magical power (left hand)
 j - the amulet of the Skies Above (around neck) {Spirit rC+ Str+4 Int+3}
   (You found it on level 9 of the Dungeon)

   [amulet of guardian spirit]

   It causes incoming damage to be split between your health and magic.
   It affects your strength (+4).
   It affects your intelligence (+3).
   It protects you from cold.
 n - a +4 ring of intelligence (right hand)
 q - a +3 amulet of reflection
 r - an uncursed ring of flight
Wands
 m - a wand of polymorph (10)
 B - a wand of disintegration (10)
 J - a wand of paralysis (25)
Scrolls
 a - 3 scrolls of teleportation
 c - 4 scrolls of blinking
 s - a scroll of fog
 t - 8 scrolls of remove curse
 v - 6 scrolls of amnesia
 C - a scroll of fear
 G - 2 scrolls of identify
Potions
 f - 4 potions of stabbing
 i - a potion of resistance
 l - a potion of brilliance
 o - 4 potions of ambrosia
 u - a potion of haste
 x - 2 potions of magic
 z - 5 potions of curing
 A - a potion of berserk rage
 D - a potion of invisibility
 E - 2 potions of flight
 K - 2 potions of lignification
 L - a potion of mutation
Miscellaneous
 p - a phantom mirror
Comestibles
 b - 3 rations


   Skills:
 - Level 5.5 Long Blades
 - Level 4.4 Dodging
 - Level 1.8 Stealth
 - Level 10.3 Spellcasting
 - Level 11.7 Conjurations
 + Level 1.7 Charms
 - Level 4.6 Translocations
 - Level 16.0 Fire Magic


You had 8 spell levels left.
You knew the following spells:

 Your Spells              Type           Power        Failure   Level  Hunger
a - Magic Dart            Conj           ####         1%          1    None
b - Searing Ray           Conj           ######       1%          2    None
c - Conjure Flame         Conj/Fire      #######.     1%          3    None
d - Blink                 Tloc           N/A          1%          2    None
e - Iskenderun's Mystic   Conj/Tloc      ######..     1%          4    None
f - Slow                  Hex            ###.....     6%          2    None
g - Gell's Gravitas       Tloc           ######....   1%          3    None
h - Ring of Flames        Chrm/Fire      #######...   63%         7    None

Your spell library contained the following spells:

 Spells                   Type           Power        Failure   Level  Hunger
 Apportation              Tloc           ######       1%          1    None
 Dazzling Flash           Conj/Hex       ######       1%          3    None
 Mephitic Cloud           Conj/Pois/Air  ######..     2%          3    None
 Animate Skeleton         Necr           N/A          3%          1    None
 Corona                   Hex            ###....      3%          1    None
 Summon Small Mammal      Summ           ###.         3%          1    None
 Fulminant Prism          Conj/Hex       ######....   3%          4    None
 Call Imp                 Summ           ###.....     6%          2    None
 Ensorcelled Hibernation  Hex/Ice        ###...       6%          2    None
 Poisonous Vapours        Pois/Air       ###...       6%          2    None
 Lightning Bolt           Conj/Air       ######....   10%         5    None
 Confusing Touch          Hex            ###.....     12%         3    None
 Tukima's Dance           Hex            ###.....     12%         3    None
 Petrify                  Tmut/Erth      ###.....     36%         4    None
 Conjure Ball Lightning   Conj/Air       ######....   47%         6    None
 Excruciating Wounds      Chrm/Necr      ####......   58%         5    None
 Metabolic Englaciation   Hex/Ice        ###.......   71%         5    None
 Yara's Violent Unravell  Hex/Tmut       ###.......   71%         5    None
 Freezing Cloud           Conj/Ice/Air   ######....   75%         6    None


Dungeon Overview and Level Annotations

Branches:
Dungeon (13/15)            Temple (1/1) D:4            Lair (3/6) D:10
    Orc (1/2) D:10
  Swamp: Lair:2-4    Shoals: Lair:2-4     Snake: Lair:2-4    Spider: Lair:2-4
 Vaults: D:13-14

Altars:
Ashenzari
Cheibriados
Dithmenos
Elyvilon
Fedhas
Gozag
Hepliaklqana
Kikubaaqudgha
Makhleb
Nemelex Xobeh
Okawaru
Qazlal
Ru
Sif Muna
Trog
Uskayaw
Vehumet
Wu Jian
Xom
Yredelemnul
Zin
The Shining One

Shops:
D:4 *   D:7 [

Annotations:
D:9 3 runed translucent doors, Kohma's ghost, journeyman DsIE
D:13 Jorgrun


Innate Abilities, Weirdness & Mutations

You can breathe blasts of fire.
Your fiery red scales are hard. (AC +8)
You cannot fit into any form of body armour.
Your flesh is heat resistant. (rF+)
You are cold-blooded and may be slowed by cold attacks.


Message History

Jorgrun hits you with an uncursed staff of earth.
Jorgrun crushes you!
* * * LOW HITPOINT WARNING * * *
The grasping roots constrict you.
You feel much better. Jorgrun misses you. The grasping roots constrict you.
You feel clever all of a sudden.
Jorgrun hits you with an uncursed staff of earth!
The grasping roots constrict you!
Evoke which item? (* to show all) (? for menu, Esc to quit)
Aiming: Phantom Mirror
Press: ? - help, Dir - move target cursor, f/p - Jorgrun
Aim: Jorgrun, wielding a staff of earth and wearing a +0 robe (heavily wounded)
You reflect Jorgrun with the mirror, and the mirror shatters!
Jorgrun barely misses Jorgrun.
Jorgrun gestures at Jorgrun while chanting.
The wall shatters!
The blast of rock fragments hits Jorgrun!!
The blast of rock fragments hits you!!
* * * LOW HITPOINT WARNING * * *
You die...

### (. .. #.# ##.## #.#
..###...## #.#
.g.......# #.# #...g#
#.# ##.g.# #######.##
#.#@# >.......<. #.#..#
######.#. ..#.#.# #.#.
###.##.# #.#. .. #.#
#.# #.#. #.# #.# #.#
#.#. #.# #.# ## #.#.
#.# #.# ####.#.
######.#
.#####.##########......


You could see Jorgrun and the friendly Jorgrun.

Vanquished Creatures
  Gastronok (Lair:1)
  An ettin (D:10)
  A hydra (Lair:1)
  3 two-headed ogres
  3 cyclopes
  2 ugly things (D:12)
  A centaur zombie (D:12)
  2 black mambas
  A gargoyle (D:11)
  A kobold demonologist (D:12)
  2 centaur skeletons (D:12)
  4 spiny frogs
  8 komodo dragons
  A queen bee (D:10)
  A polar bear (Lair:1)
  Grinder (D:5)
  A hornet (D:12)
  4 slime creatures (D:13)
  10 blink frogs
  6 hippogriffs
  A wyvern (Lair:2)
  A vampire (D:12)
  29 yaks
  2 hungry ghosts
  2 basilisks
  A warg (Orc:1)
  8 porcupines
  10 water moccasins
  A black bear (D:9)
  2 sky beasts
  6 orc warriors
  2 necrophages
  2 phantoms
  10 ogres
  4 wolves (Lair:1)
  9 centaurs
  6 crocodiles
  12 bullfrogs
  4 big kobolds
  A wyvern zombie (D:8)
  5 scorpions
  21 killer bees
  An electric eel (Lair:2)
  9 wights
  5 howler monkeys
  3 crimson imps
  A bullfrog zombie (D:11)
  2 quasits
  9 jellies
  4 hounds
  14 orc wizards
  11 orc priests
  4 bullfrog skeletons
  Crazy Yiuf (D:2)
  Jessica (D:2)
  Terence (D:3)
  7 iguanas
  7 worker ants
  A hound skeleton (D:10)
  A worker ant zombie (D:10)
  Robin (D:2)
  11 gnolls
  11 adders
  6 shadow imps
  An ooze (D:3)
  3 worms
  2 dart slugs (D:1)
  4 leopard geckos
  46 orcs
  10 bats
  7 giant cockroaches
  16 goblins
  5 hobgoblins
  16 jackals
  23 kobolds
  3 quokkas
  2 ball pythons
  3 frilled lizards
  A jackal zombie (D:6)
  2 leopard gecko skeletons (D:4)
  A quokka skeleton (D:4)
  4 rats
  A bush (Temple)
  A fungus (Lair:2)
  4 plants
459 creatures vanquished.

Vanquished Creatures (others)
  7 fungi
  15 plants
22 creatures vanquished.

Grand Total: 481 creatures vanquished

Notes
Turn   | Place    | Note
-------+----------+-------------------------------------------
     0 | D:1      | Vector13 the Draconian Conjurer began the quest for the
                  | Orb.
     0 | D:1      | Reached XP level 1. HP: 14/14 MP: 3/3
    71 | D:1      | Reached XP level 2. HP: 8/20 MP: 3/5
   542 | D:1      | You fall into a shaft and drop 1 floor!
   544 | D:2      | Found a runed translucent door,
   545 | D:2      | Noticed Crazy Yiuf
   551 | D:2      | Learned a level 2 spell: Searing Ray
   563 | D:2      | Killed Crazy Yiuf
   563 | D:2      | Reached XP level 3. HP: 12/26 MP: 3/6
   666 | D:2      | Noticed Jessica
   667 | D:2      | Noticed Robin
   737 | D:2      | Killed Robin
   737 | D:2      | Reached XP level 4. HP: 23/33 MP: 2/7
  1245 | D:2      | Reached skill level 5 in Conjurations
  1332 | D:2      | Killed Jessica
  1332 | D:2      | Reached XP level 5. HP: 38/38 MP: 6/9
  2042 | D:2      | Found a bloodstained altar of Trog,
  2042 | D:2      | Found a snail-covered altar of Cheibriados,
  2043 | D:2      | Found a burning altar of Makhleb,
  2202 | D:3      | Reached XP level 6. HP: 39/45 MP: 3/11
  2686 | D:3      | Noticed Terence
  2697 | D:3      | Killed Terence
  3461 | D:4      | Found Muidghyu's General Store,
  3473 | D:4      | Your scales start taking on a fiery red colour.
  3473 | D:4      | Reached XP level 7. HP: 50/50 MP: 13/13
  3473 | D:4      | Gained mutation: Your flesh is heat resistant. (rF+) [Red
                  | Draconian growth]
  3499 | D:4      | Found a staircase to the Ecumenical Temple,
  3518 | Temple   | Entered the Ecumenical Temple
  3584 | Temple   | Became a worshipper of Sif Muna the Loreminder
  3856 | D:4      | Found a shadowy altar of Dithmenos,
  4318 | D:4      | Bought a scroll of brand weapon for 200 gold pieces
  4318 | D:4      | Bought a +0 pair of boots for 45 gold pieces
  4382 | D:5      | Entered Level 5 of the Dungeon
  4383 | D:5      | Noticed Grinder
  4553 | D:5      | Learned a level 3 spell: Conjure Flame
  4918 | D:5      | Found a sacrificial altar of Ru,
  4982 | D:5      | Reached skill level 1 in Long Blades
  5189 | D:5      | Paralysed by Grinder for 3 turns
  5199 | D:5      | Killed Grinder
  5621 | D:6      | Found a bloodstained altar of Trog,
  5625 | D:6      | Reached XP level 8. HP: 57/57 MP: 14/14
  5678 | D:6      | Reached skill level 5 in Long Blades
  5750 | D:6      | Found a glowing drain,
  5755 | D:6      | Reached * piety under Sif Muna
  5755 | D:6      | Reached skill level 1 in Fire Magic
  5808 | D:6      | Found a sand-covered staircase,
  5848 | D:6      | Reached skill level 2 in Fire Magic
  5862 | D:6      | Reached skill level 3 in Fire Magic
  6082 | D:6      | Reached skill level 5 in Spellcasting
  6082 | D:6      | Reached skill level 4 in Fire Magic
  6634 | D:7      | Reached ** piety under Sif Muna
  6645 | D:7      | Reached skill level 5 in Fire Magic
  6778 | D:7      | Reached XP level 9. HP: 62/62 MP: 16/16
  7023 | D:7      | Reached skill level 6 in Fire Magic
  7289 | D:7      | Found Xidiry's Armour Shoppe,
  7366 | D:7      | Reached skill level 7 in Fire Magic
  7710 | D:8      | Found a hide-covered altar of Uskayaw,
  7715 | D:8      | Found a stormy altar of Qazlal,
  7719 | D:8      | Found a hazy altar of Hepliaklqana,
  7720 | D:8      | Found a shattered altar of Ashenzari,
  7720 | D:8      | Found an ornate altar of the Wu Jian Council,
  7721 | D:8      | Found a sacrificial altar of Ru,
  7726 | D:8      | Found a radiant altar of Vehumet,
  7728 | D:8      | Found a shimmering altar of Xom,
  7785 | D:8      | Reached skill level 8 in Fire Magic
  8072 | D:8      | Found a glowing golden altar of the Shining One,
  8074 | D:8      | Reached *** piety under Sif Muna
  8078 | D:8      | Learned a level 2 spell: Blink
  8380 | D:8      | Reached XP level 10. HP: 69/69 MP: 16/19
  8480 | D:8      | Reached skill level 9 in Fire Magic
  8730 | D:8      | Reached skill level 1 in Translocations
  8850 | D:9      | Got a scorched diamond amulet
  9225 | D:9      | Reached **** piety under Sif Muna
  9240 | D:9      | Identified the amulet of the Skies Above {Spirit rC+ Str+4
                  | Int+3} (You found it on level 9 of the Dungeon)
  9551 | D:9      | Found a runed translucent gate,
  9552 | D:9      | Found a runed translucent gate,
  9553 | D:9      | Found a runed translucent gate,
  9553 | D:9      | Noticed Kohma's ghost (journeyman DsIE)
  9553 | D:9      | Noticed an 11-headed hydra
  9625 | D:9      | Reached skill level 10 in Fire Magic
  9876 | D:10     | Entered Level 10 of the Dungeon
 10644 | D:10     | Learned a level 4 spell: Iskenderun's Mystic Blast
 10863 | D:10     | Found a staircase to the Orcish Mines,
 10971 | D:10     | Reached skill level 11 in Fire Magic
 11182 | D:10     | Found a staircase to the Lair,
 11194 | D:10     | Reached XP level 11. HP: 73/74 MP: 21/22
 11402 | Orc:1    | Entered Level 1 of the Orcish Mines
 11402 | Orc:1    | Noticed an ettin
 11814 | Lair:1   | Entered Level 1 of the Lair of Beasts
 12413 | Lair:1   | Reached ***** piety under Sif Muna
 12414 | Lair:1   | Identified Cowefair's Catalogue of Twisted Self-Improvement
                  | (Sif Muna gifted it to you on level 1 of the Lair of
                  | Beasts)
 12414 | Lair:1   | Received a gift from Sif Muna
 12427 | Lair:1   | Reached skill level 12 in Fire Magic
 12707 | Lair:1   | Noticed a six-headed hydra
 13026 | D:9      | Learned a level 2 spell: Slow
 13030 | D:9      | Learned a level 3 spell: Gell's Gravitas
 13319 | D:10     | Killed an ettin
 13319 | D:10     | Reached skill level 10 in Conjurations
 13527 | D:11     | Noticed a two-headed ogre
 13614 | D:11     | Killed a two-headed ogre
 13652 | D:11     | Reached skill level 13 in Fire Magic
 14301 | D:11     | Reached XP level 12. HP: 73/81 MP: 23/24
 14807 | D:11     | Noticed a two-headed ogre
 14819 | D:11     | Killed a two-headed ogre
 14972 | Lair:1   | Killed a six-headed hydra
 14972 | Lair:1   | Reached skill level 14 in Fire Magic
 15971 | Lair:1   | Noticed Gastronok
 16024 | Lair:1   | Killed Gastronok
 16546 | Lair:2   | Reached skill level 15 in Fire Magic
 17367 | Lair:2   | Reached skill level 10 in Spellcasting
 18327 | D:12     | Reached XP level 13. HP: 86/86 MP: 27/27
 18397 | D:12     | Paralysed by a hornet for 1 turns
 19141 | D:12     | Identified Sif Muna's Volume of Air (Sif Muna gifted it to
                  | you on level 12 of the Dungeon)
 19141 | D:12     | Received a gift from Sif Muna
 19887 | D:12     | Reached skill level 16 in Fire Magic
 20287 | D:12     | Learned a level 7 spell: Ring of Flames
 20312 | D:13     | Reached skill level 1 in Charms
 20492 | D:13     | Noticed Jorgrun
 20516 | D:13     | Slain by Jorgrun

Levels and vault maps discovered:
D:1:      roderic_crossed_star, layout_rooms
D:2:      layout_loops_ring, gammafunk_temple_overflow_claw, first_ration,
          minmay_randomly_rotated_circles, uniq_crazy_yiuf_cottage, uniq_robin,
          uniq_jessica
D:3:      cheibrodos_thug_alley, layout_basic, grunt_ministairs_9, uniq_terence
D:4:      layout_loops_ring, minmay_temple_entry_offerings, serial_shops,
          shop_fountains, chequers_serial_rivers_small_a, grunt_dithmenos_smoke
D:5:      layout_loops_corners, nicolae_ru_path_of_blood, uniq_grinder
D:6:      layout_cave_pods, portal_sewer_entry_a, enter_ossuary_1,
          trog_three_pillars_becter
D:7:      layout_basic, serial_shops, nicolae_shop_stone,
          kennysheep_small_square
D:8:      layout_cave_pods, old_standard_altar, minitemple
D:9:      layout_loops_ring, gammafunk_ghost_hydra_chop
D:10:     layout_roguey, minmay_lair_entry_grove, david_orc_2, david_nohive_1
D:11:     layout_small_grid
D:12:     layout_grid_maze, feat_on_display
D:13:     layout_loops_ring, david_vaults_2, basic_altar, chequers_big_river,
          uniq_nessos, uniq_jorgrun
Temple:   cyrus_temple_forest
Lair:1:   layout_layer_cave, minmay_shattered_shrine, uniq_gastronok
Lair:2:   layout_loops_ring, grunt_megastairs_5, serial_bayou_shore_a
Lair:3:   layout_roguey, minmay_snake_entry_six_corridors, ebering_ghost_xom,
          beast_lair_carwin_11, infiniplex_staircase_pool
Orc:1:    layout_caves

Skill      XL: |  1  2  3  4  5  6  7  8  9 10 11 12 13 |
---------------+----------------------------------------+-----
Dodging        | 2 3 4 |  4.4
Spellcasting   | 3 4 5 6 7 8 10 | 10.3
Conjurations   | 5 6 7 8 9 10 11 | 11.7
Long Blades    | 4 5 |  5.5
Fire Magic     | 5 8 11 13 15 16 | 16.0
Translocations | 3 4 |  4.6
Charms         | 1 |  1.7
Stealth        | |  1.8

Action                   |  1- 3 |  4- 6 |  7- 9 | 10-12 | 13-15 || total
-------------------------+-------+-------+-------+-------+-------++-------
Melee: Unarmed           |    37 |       |       |       |       ||    37
       Tailslap          |     5 |       |    17 |    13 |     5 ||    40
       Dagger            |     3 |       |       |       |       ||     3
       Quarterstaff      |     5 |    15 |    63 |       |       ||    83
       Great sword       |       |       |    35 |    79 |     2 ||   116
 Cast: Magic Dart        |    35 |    41 |   110 |    91 |    53 ||   330
       Searing Ray       |     3 |    30 |    50 |   154 |    42 ||   279
       Conjure Flame     |       |       |     3 |    10 |       ||    13
       Iskenderun's Myst |       |       |       |     9 |     2 ||    11
       Blink             |       |       |       |     4 |       ||     4
       Slow              |       |       |       |     3 |     1 ||     4
       Gell's Gravitas   |       |       |       |     1 |       ||     1
 Abil: Breathe Fire      |       |       |    32 |    52 |    13 ||    97
Evoke: Phantom mirror    |       |       |       |       |     1 ||     1
  Use: Scroll            |     2 |     4 |    13 |    17 |       ||    36
       Potion            |     2 |       |     1 |     6 |     2 ||    11
  Eat: Ration            |       |     3 |     5 |    10 |     2 ||    20
       Chunk             |       |     1 |     4 |     7 |       ||    12
Armor: Skin              |    33 |    20 |    22 |   115 |    30 ||   220
Dodge: Dodged            |    47 |    64 |    67 |   262 |    50 ||   490
Block: Other             |       |       |     6 |     4 |       ||    10
       Rpst.: Great sword |       |       |    19 |    82 |    16 ||   117

Table legend:
 A = Non-vault XP
 B = Vault XP
 C = Vault XP percentage of total XP
 D = Non-vault monster count
 E = Vault monster count
 F = Vault count percentage of total count
                 A         B        C        D         E       F
            +---------+---------+-------+---------+---------+-------
      Total |   35088 |   10779 |  23.5 |     363 |      90 |  19.9
            +---------+---------+-------+---------+---------+-------
        D:1 |      41 |       0 |   0.0 |      20 |       0 |   0.0
        D:2 |     121 |     137 |  53.1 |      17 |      18 |  51.4
        D:3 |     156 |     248 |  61.4 |      18 |      14 |  43.8
        D:4 |     105 |       0 |   0.0 |      11 |       0 |   0.0
        D:5 |     334 |     277 |  45.3 |      16 |       1 |   5.9
        D:6 |    1081 |       7 |   0.6 |      33 |       5 |  13.2
        D:7 |    1376 |      85 |   5.8 |      27 |       1 |   3.6
        D:8 |    1993 |       0 |   0.0 |      37 |       0 |   0.0
        D:9 |    2403 |       0 |   0.0 |      35 |       0 |   0.0
       D:10 |    2052 |    3456 |  62.7 |      19 |      35 |  64.8
       D:11 |    5598 |       0 |   0.0 |      28 |       0 |   0.0
       D:12 |    6928 |       0 |   0.0 |      41 |       0 |   0.0
       D:13 |    1114 |       0 |   0.0 |       4 |       0 |   0.0
     Lair:1 |    5939 |    5791 |  49.4 |      28 |      13 |  31.7
     Lair:2 |    4587 |     143 |   3.0 |      20 |       1 |   4.8
     Lair:3 |     355 |     635 |  64.1 |       1 |       2 |  66.7
      Orc:1 |     905 |       0 |   0.0 |       8 |       0 |   0.0
            +---------+---------+-------+---------+---------+-------
